 Dungeon Crawl Stone Soup version 0.19-a0-1013-g40768a3 (webtiles) character file.

1541 poirepourri the Thaumaturge (level 8, -3/41 HPs)
             Began as a Deep Elf Fire Elementalist on July 24, 2016.
             Was an Initiate of Vehumet.
             Slain by Duvessa
             ... wielding a +2 vampiric short sword
              (5 damage)
             ... on level 6 of the Dungeon.
             The game lasted 00:12:33 (7248 turns).

poirepourri the Thaumaturge (DEFE)                  Turns: 7248, Time: 00:12:34

Health: -3/41      AC: 10    Str:  5    XL:     8   Next: 56%
Magic:  16/24      EV: 13    Int: 23    God:    Vehumet [......]
Gold:   155        SH:  0    Dex: 15    Spells: 6 memorised, 9 levels left

rFire  . . .     SeeInvis .     f - +1 short sword
rCold  . . .     Gourm    .     a - +1 robe
rNeg   . . .     Faith    .     (no shield)
rPois  .         Spirit   .     (no helmet)
rElec  .         Dismiss  .     c - +2 cloak
rCorr  .         Reflect  .     y - +1 pair of gloves
SustAt .         Harm     .     (no boots)
MR     .....                    (no amulet)
Stlth  ++........               (no ring)
                                o - +2 ring of protection

@: about to teleport, not resistant to hostile enchantments, unstealthy
A: no striking features
a: Renounce Religion


You were on level 6 of the Dungeon.
You worshipped Vehumet.
Vehumet was noncommittal.
You were not hungry.

You visited 2 branches of the dungeon, and saw 7 of its levels.

You collected 275 gold pieces.
You spent 120 gold pieces at shops.

Inventory:

Hand Weapons
 f - a +1 short sword (weapon)
Armour
 a - a +1 robe (worn)
 c - a +2 cloak (worn)
 y - a +1 pair of gloves (worn)
 z - a +0 buckler
Jewellery
 o - a +2 ring of protection (left hand)
 w - an uncursed ring of magical power {unknown}
Scrolls
 i - a scroll of amnesia
 j - a scroll of teleportation
 m - 3 scrolls of fog
 x - 4 scrolls of remove curse
Potions
 d - a potion of cure mutation
 e - 2 potions of lignification
 g - 3 potions of degeneration
 h - 3 potions of might
 l - a potion of agility {unknown}
 n - 4 potions of heal wounds {unknown}
 q - a potion of invisibility {unknown}
 s - 2 potions of flight
 t - 3 potions of brilliance
 v - 2 potions of resistance {unknown}
Books
 b - a book of Flames

   Spells                             Type                      Level
   a - Flame Tongue                   Conjuration/Fire             1
   b - Throw Flame                    Conjuration/Fire             2
   c - Conjure Flame                  Conjuration/Fire             3
   d - Inner Flame                    Hexes/Fire                   3
   e - Sticky Flame                   Conjuration/Fire             4
   f - Fireball                       Conjuration/Fire             5
 k - a book of Unlife

   Spells                             Type                      Level
   a - Recall                         Summoning/Translocation      3
   b - Animate Dead                   Necromancy                   4
   c - Control Undead                 Necromancy                   4
   d - Cigotuvi's Embrace             Necromancy                   5
   e - Death Channel                  Necromancy                   6
   f - Simulacrum                     Ice/Necromancy               6
 u - a book of Beasts

   Spells                             Type                      Level
   a - Summon Butterflies             Summoning                    1
   b - Call Canine Familiar           Summoning                    3
   c - Summon Ice Beast               Ice/Summoning                4
   d - Summon Mana Viper              Hexes/Summoning              5
   e - Summon Hydra                   Summoning                    7
Comestibles
 p - a beef jerky
 r - 4 bread rations
 B - a royal jelly


   Skills:
 - Level 0.1 Fighting
 - Level 0.6 Short Blades
 - Level 2.4 Dodging
 - Level 2.4 Stealth
 + Level 10.4 Spellcasting
 + Level 5.5 Conjurations
 + Level 6.7 Fire Magic


You had 9 spell levels left.
You knew the following spells:

 Your Spells              Type           Power        Failure   Level  Hunger
a - Flame Tongue          Conj/Fire      #####        1%          1    None
b - Throw Flame           Conj/Fire      #####.       1%          2    None
c - Conjure Flame         Conj/Fire      #####...     1%          3    None
d - Inner Flame           Hex/Fire       ####....     6%          3    None
e - Sticky Flame          Conj/Fire      #####...     6%          4    #......
f - Fireball              Conj/Fire      #####.....   14%         5    ####...


Dungeon Overview and Level Annotations

Branches:
Dungeon (6/15)             Temple (1/1) D:6

Altars:
Ashenzari
Cheibriados
Dithmenos
Elyvilon
Fedhas
Gozag
Kikubaaqudgha
Makhleb
Nemelex Xobeh
Okawaru
Qazlal
Ru
Trog
Uskayaw
Vehumet
Xom
Yredelemnul
Zin
The Shining One

Shops:
D:4 ?   D:5 (

Annotations:
D:6 Duvessa


Message History

Unknown command.
Casting: Flame Tongue
Confirm with . or Enter, or press ? or * to list all spells.
Aiming: Flame Tongue
Press: ? - help, Shift-Dir - straight line, f/p - Duvessa
Aim: Duvessa, wielding a vampiric short sword (moderately wounded, berserk, fast, unusually strong)
The flame tongue hits Duvessa.
Duvessa is severely wounded.
Duvessa hits you with a vampiric short sword!
Duvessa draws strength from your injuries!
Duvessa hits you with a vampiric short sword!
* * * LOW HITPOINT WARNING * * *
Duvessa draws strength from your injuries!
Unknown command.
Okay, then.
Okay, then.
As you read the scroll of teleportation, it crumbles to dust.
You feel strangely unstable. Duvessa barely misses you.
Duvessa hits you with a vampiric short sword.
You die...

### .. #. ##)##
####...############
#.................#####
..##..e##########......
#..@# #.#####
#.#........ #.# #
#....#####. #.# #
##.#.# ###<##### #. .#
......... ....# #. .#
###.####. #.#.# #. .#
#.# #. ##.#5### #. ..
... ..# #. .......#
#.###. #.


You could see Duvessa (berserk).

Vanquished Creatures
  An orc warrior (D:6)
  3 ogres
  2 centaurs (D:6)
  A giant frog (D:6)
  Dowan (D:6)
  A howler monkey (D:6)
  6 orc wizards
  A quasit (D:6)
  An orc priest (D:6)
  4 hounds
  Jessica (D:2)
  Natasha (thrice) (D:2)
  3 iguanas
  5 worker ants
  A hound zombie (D:5)
  A hound skeleton (D:3)
  A worker ant zombie (D:3)
  9 adders
  A shadow imp (D:5)
  An ooze (D:1)
  An adder zombie (D:3)
  An adder skeleton (D:3)
  A worm (D:2)
  4 dart slugs
  2 giant geckos
  10 orcs
  7 giant cockroaches
  6 goblins
  6 hobgoblins
  10 jackals
  6 kobolds
  A ball python (D:2)
  A ball python skeleton (D:4)
  9 bats
  6 giant newts
  A jackal zombie (D:3)
  A quokka skeleton (D:6)
  10 rats
130 creatures vanquished.

Notes
Turn   | Place    | Note
-------+----------+-------------------------------------------
     0 | D:1      | poirepourri the Deep Elf Fire Elementalist began the quest for the Orb.
     0 | D:1      | Reached XP level 1. HP: 10/10 MP: 6/6
   354 | D:1      | Reached XP level 2. HP: 15/15 MP: 6/8
   587 | D:1      | Learned a level 2 spell: Throw Flame
   616 | D:1      | Reached XP level 3. HP: 19/19 MP: 5/10
   887 | D:1      | Reached skill level 4 in Spellcasting
  1185 | D:2      | Noticed Natasha
  1190 | D:2      | Killed Natasha
  1523 | D:2      | Reached XP level 4. HP: 24/24 MP: 5/12
  1570 | D:2      | Noticed Natasha
  1584 | D:2      | Killed Natasha
  1720 | D:2      | Noticed Natasha
  1721 | D:2      | Reached skill level 5 in Spellcasting
  1730 | D:2      | Killed Natasha
  1950 | D:2      | Noticed Jessica
  1953 | D:2      | Killed Jessica
  1953 | D:2      | Reached XP level 5. HP: 28/28 MP: 8/15
  2852 | D:3      | Reached skill level 6 in Spellcasting
  2971 | D:3      | Noticed an ogre
  2976 | D:3      | Killed an ogre
  2976 | D:3      | Reached skill level 5 in Fire Magic
  2976 | D:3      | Reached XP level 6. HP: 32/32 MP: 5/17
  3243 | D:3      | Reached skill level 7 in Spellcasting
  3781 | D:3      | Found a snail-covered altar of Cheibriados.
  3911 | D:3      | Learned a level 3 spell: Conjure Flame
  3915 | D:3      | Learned a level 3 spell: Inner Flame
  3920 | D:3      | Learned a level 4 spell: Sticky Flame
  3926 | D:3      | Learned a level 5 spell: Fireball
  4059 | D:4      | Found Vucem's Magic Scroll Emporium.
  4061 | D:4      | Bought a scroll of identify for 20 gold pieces
  4061 | D:4      | Bought a scroll of identify for 20 gold pieces
  4061 | D:4      | Bought a scroll of identify for 20 gold pieces
  4061 | D:4      | Bought a scroll of remove curse for 30 gold pieces
  4061 | D:4      | Bought a scroll of remove curse for 30 gold pieces
  4140 | D:4      | Found a basalt altar of Yredelemnul.
  4144 | D:4      | Reached XP level 7. HP: 35/36 MP: 3/20
  4693 | D:5      | Entered Level 5 of the Dungeon
  4740 | D:5      | Reached skill level 8 in Spellcasting
  4815 | D:5      | Found a shattered altar of Ashenzari.
  5328 | D:5      | Found Qourph's Weapon Shop.
  5420 | D:5      | Found an opulent altar of Gozag.
  5421 | D:5      | Found a burning altar of Makhleb.
  5707 | D:6      | Reached skill level 9 in Spellcasting
  6072 | D:6      | Reached XP level 8. HP: 23/41 MP: 12/23
  6154 | D:6      | Found a staircase to the Ecumenical Temple.
  6163 | Temple   | Entered the Ecumenical Temple
  6331 | Temple   | Became a worshipper of Vehumet
  6751 | D:6      | Reached skill level 5 in Conjurations
  6973 | D:6      | Reached skill level 10 in Spellcasting
  7238 | D:6      | Noticed Dowan
  7241 | D:6      | Noticed Duvessa
  7241 | D:6      | Killed Dowan
  7246 | D:6      | HP: 2/41 [Duvessa/vampiric short sword (11)]
  7248 | D:6      | Slain by Duvessa

Vault maps used:
D:1:      nagdon_arrival_zigzag_paths, serial_bayou, serial_bayou_crossing,
          serial_bayou_ford_a, serial_bayou_pond_e, serial_bayou_shore_a,
          minmay_misc_feat_roman, moated_statue
D:2:      uniq_natasha, uniq_jessica
D:3:      lemuel_coloured_pillars_altar, serial_undead, serial_undead_c,
          serial_undead_b, serial_undead_c, serial_undead_b,
          kennysheep_generic_room_14
D:4:      yredelemnul_altar_generic, serial_shops, shop
D:5:      mumra_celtic_spiral_tile, cheibrodos_ashenzari_chains,
          nicolae_overflow_hidden_temple, serial_shops, nicolae_shop_crystal,
          first_bread
D:6:      uniq_duvessa
Temple:   dpeg_chambers_temple

Skill      XL: |  1  2  3  4  5  6  7  8 |
---------------+-------------------------+-----
Fire Magic     | 4 5 6 |  6.7
Spellcasting   | 4 5 6 7 9 10 | 10.4
Conjurations   | 2 3 4 5 |  5.5
Fighting       | |  0.1
Short Blades   | |  0.6
Dodging        | |  2.4
Stealth        | |  2.4

Action                   |  1- 3 |  4- 6 |  7- 9 || total
-------------------------+-------+-------+-------++-------
Melee: Short sword       |       |     2 |   117 ||   119
 Cast: Flame Tongue      |    39 |    54 |    72 ||   165
       Throw Flame       |     9 |    75 |    57 ||   141
       Conjure Flame     |       |       |     2 ||     2
  Use: Scroll            |     1 |    10 |     5 ||    16
       Potion            |       |       |     2 ||     2
  Eat: Bread ration      |     1 |       |       ||     1
       Pizza             |       |     1 |       ||     1
       Meat ration       |       |     1 |     2 ||     3
       Beef jerky        |       |       |     1 ||     1
       Fruit             |       |       |     1 ||     1
Armor: Robe              |     1 |    11 |    53 ||    65
Dodge: Dodged            |     5 |    18 |   106 ||   129
